 Dungeon Crawl Stone Soup version 0.32-a0-18-g89e19f1974 (webtiles) character file.

Game seed: 3042590389182977047

51185 jasper the Cruncher (level 14, 88/88 HPs)
             Began as a Deep Elf Conjurer on Jan 16, 2024.
             Was a High Priest of Vehumet.
             Quit the game on level 12 of the Dungeon.
             The game lasted 00:43:56 (23106 turns).

jasper the Cruncher (Deep Elf Conjurer)            Turns: 23106, Time: 00:43:56

Health: 88/88      AC:  8    Str:  6    XL:     14   Next: 22%
Magic:  28/31      EV: 17    Int: 35    God:    Vehumet [*****.]
Gold:   246        SH:  7    Dex: 18    Spells: 3/35 levels left

rFire   . . .        d - staff of conjuration
rCold   + . .        o - +1 buckler
rNeg    . . .        Q - +1 robe of Uqeow {Str+2 Dex+5}
rPois   +            l - +1 helmet
rElec   .            C - +0 cloak
rCorr   +            H - +0 pair of gloves
SInv    .            q - +0 pair of boots
Will    +....        S - amulet of regeneration
Stlth   ++           n - +6 ring of intelligence
HPRegen 1.14/turn    O - ring "Anooc" {Wiz rPois rC+ rCorr}
MPRegen 0.22/turn

%: wizardry (x1)
@: no status effects
A: no striking features
a: Renounce Religion


You were on level 12 of the Dungeon.
You worshipped Vehumet.
Vehumet was extremely pleased with you.
You visited 2 branches of the dungeon, and saw 16 of its levels.
You also visited: Ossuary, Bailey and Volcano.

You collected 1122 gold pieces.
You spent 876 gold pieces at shops.

Inventory:

Hand Weapons
 s - a +3 heavy quick blade
Missiles
 j - 17 boomerangs
Armour
 a - a +0 robe
 g - a +1 ring mail of poison resistance
 l - a +1 helmet (worn)
 o - a +1 buckler (worn)
 q - a +0 pair of boots (worn)
 w - a +0 helmet
 C - a +0 cloak (worn)
 H - a +0 pair of gloves (worn)
 L - quicksilver dragon scales
 Q - the +1 robe of Uqeow (worn) {Str+2 Dex+5}
   (You found it on level 1 of the Lair of Beasts)

   Str+2:     It affects your strength (+2).
   Dex+5:     It affects your dexterity (+5).
Magical Staves
 d - a staff of conjuration (weapon)
 f - a staff of air
 p - a staff of cold
Jewellery
 c - a ring of ice
 n - a +6 ring of intelligence (left hand)
 M - a ring of resist corrosion
 O - the ring "Anooc" (right hand) {Wiz rPois rC+ rCorr}
   (You found it on level 10 of the Dungeon)

   [ring of wizardry]

   Wiz:       It improves your spell success rate.
   rC+:       It protects you from cold.
   rPois:     It protects you from poison rCorr: It protects you from acid and
   corrosion.
 S - an amulet of regeneration (around neck)
 U - a ring of flight
Wands
 u - a wand of polymorph (30)
 P - a wand of mindburst (4)
 V - a wand of paralysis (8)
 Y - a wand of light (4)
Scrolls
 e - 3 scrolls of blinking
 y - 6 scrolls of teleportation
 D - 2 scrolls of poison
 G - 4 scrolls of enchant armour
 I - 2 scrolls of identify
 J - a scroll of fear
 K - 2 scrolls of enchant weapon
 N - a scroll of torment
 T - a scroll of butterflies
 W - a scroll of immolation
 X - 2 scrolls of vulnerability
Potions
 b - 4 potions of magic
 h - 3 potions of enlightenment
 i - 2 potions of might
 k - 3 potions of berserk rage
 m - 3 potions of lignification
 r - 2 potions of attraction
 t - 6 potions of curing
 v - 4 potions of mutation
 x - 5 potions of cancellation
 z - 3 potions of heal wounds
 A - 2 potions of degeneration
 B - 3 potions of resistance
 E - a potion of ambrosia
 F - 2 potions of invisibility
 R - 3 potions of brilliance
 Z - a potion of haste


   Skills:
 - Level 10.0 Fighting
 - Level 12.0 Staves
 - Level 10.0 Dodging
 - Level 2.4 Stealth
 - Level 5.0 Shields
 - Level 11.0 Spellcasting
 + Level 10.2 Conjurations
 - Level 3.0 Summonings
 - Level 3.0 Translocations
 + Level 5.9 Fire Magic
 - Level 5.0 Ice Magic
 - Level 6.0 Air Magic
 - Level 3.0 Alchemy


You had 3 spell levels left.
You knew the following spells:

 Your Spells              Type           Power      Damage    Failure   Level
a - Magic Dart            Conj           100%       1d8       1%          1
b - Starburst             Conj/Fire      42%        6d12      2%          6
c - Fulminant Prism       Conj/Alch      39%        3d17      1%          4
d - Iskenderun's Mystic   Conj/Tloc      78%        2d16      1%          4
e - Summon Lightning Spi  Summ/Air       50%        N/A       2%          4
f - Freezing Cloud        Conj/Ice/Air   40%        6-21      1%          5
g - Stone Arrow           Conj/Erth      100%       3d13      1%          3
h - Mephitic Cloud        Conj/Alch/Air  77%        N/A       1%          3
i - Blink                 Tloc           80%        N/A       1%          2

Your spell library contained the following spells:

 Spells                   Type           Power      Damage    Failure   Level
 Necrotise                Necr           76%        1d7       1%          1
 Sandblast                Erth           38%        2d10      1%          1
 Cigotuvi's Dreadful Rot  Necr/Alch/Air  80%        N/A       1%          2
 Lesser Beckoning         Tloc           80%        N/A       1%          2
 Momentum Strike          Conj/Tloc      100%       3d10      1%          2
 Searing Ray              Conj           100%       2d8       1%          2
 Static Discharge         Conj/Air       100%       3-8/arc   1%          2
 Call Canine Familiar     Summ           40%        N/A       1%          3
 Dazzling Flash           Conj/Hex       100%       N/A       1%          3
 Gell's Gravitas          Tloc           40%        N/A       1%          3
 Inner Flame              Hex/Fire       40%        N/A       1%          3
 Summon Ice Beast         Ice/Summ       47%        N/A       1%          3
 Teleport Other           Tloc           40%        N/A       1%          3
 Passwall                 Erth           19%        N/A       4%          3
 Sigil of Binding         Hex            19%        N/A       4%          3
 Tukima's Dance           Hex            19%        N/A       4%          3
 Vampiric Draining        Necr           19%        2d7       4%          3
 Airstrike                Air            28%        2d(5-21)  1%          4
 Brom's Barrelling Bould  Conj/Erth      70%        2d8       1%          4
 Flame Wave               Conj/Fire      85%        2d18      1%          4
 Ignite Poison            Fire/Alch      50%        N/A       1%          4
 Sticky Flame             Fire/Alch      50%        2d9       1%          4
 Arcjolt                  Conj/Air       42%        1d52      1%          5
 Vhi's Electric Charge    Tloc/Air       100%       N/A       2%          4
 Animate Armour           Summ/Erth      58%        N/A       8%          4
 Dimensional Bullseye     Hex/Tloc       14%        N/A       8%          4
 Martyr's Knell           Necr/Summ      29%        N/A       8%          4
 Lee's Rapid Deconstruct  Erth           9%         3d7*      10%         5
 Silence                  Hex/Air        20%        N/A       12%         5
 Dispel Undead            Necr           19%        3d11      14%         4
 Summon Mana Viper        Hex/Summ       29%        N/A       21%         5
 Curse of Agony           Necr           19%        N/A       36%         5
 Maxwell's Capacitive Co  Air            28%        ∞         80%         8
 Death Channel            Necr           9%         N/A       89%         6
 Monstrous Menagerie      Summ           20%        N/A       96%         7


Dungeon Overview and Level Annotations

Branches:
Dungeon (12/15)            Temple (0/1) D:5            Lair (4/5) D:9
  Snake (0/4) Lair:2          Orc (0/2) D:11        Ossuary (visited)
 Bailey (visited)         Volcano (visited)
  Swamp: Lair:2-3    Shoals: Lair:2-3     Slime: Lair:4-5

Altars:
Elyvilon
Fedhas
Gozag
Hepliaklqana
Makhleb
Okawaru
Ru
Vehumet
Wu Jian
Xom
Zin
The Shining One

Shops:
D:3 :!=[[

Annotations:
D:4 1 runed translucent door, Crazy Yiuf
Lair:1 1 runed translucent door, octoduck's ghost, journeyman DrSh
Lair:3 Rupert


Message History

You climb upwards.
There is a stone staircase leading down here.
You regained 2 hp, and now have 74/88 hp.
You start resting.
HP restored.
Health restored: 88 You regained 3 mp, and now have 6/31 mp.
You start resting.
Magic restored.
MP restored: 31
There is a stone staircase leading down here.
You climb downwards.
Found a stone staircase leading down.
There is a stone staircase leading up here.
Found a scroll of noise.
There is a stone staircase leading down here.
Found 8 stones.
Casting: Freezing Cloud (dangerous; 1% risk of failure)
Confirm with . or Enter, or press ? or * to list all spells.
Okay, then.
You see here 8 stones.
A wraith comes into view.
Casting: Freezing Cloud (dangerous; 1% risk of failure)
Confirm with . or Enter, or press ? or * to list all spells.
Aiming: Fulminant Prism (safe; 1% risk of failure)
Press: ? - help, Dir - move target You feel a surge of power!
You conjure a prism of explosive energy!
A fulminant prism comes into view.
You now have 27/31 mp.
Your fulminant prism crackles loudly.
Your fulminant prism explodes!
The blast of energy engulfs the wraith!!
You destroy the wraith!
Vehumet accepts your kill.
You feel your power returning.
You hear a shout!
Are you sure you want to abandon this character and quit the game? (Confirm with "yes".)
Okay, then.
Are you sure you want to abandon this character and quit the game? (Confirm with "yes".)

~~~~~~~~
...##....#... ~~~~~~~
..............
~~~~~~~##..##....#...
.~~~~~#........#.....
.~~~~.#.#....#......
#~~#.#.#..#.......
#...............####
#...>.<........@...#
#..#.#####.....###.#
#..#.#...#..(....#
#..#?#.#.#.#####.#
#........#.## #.#
##.#.#.#....# #.#
#.#.#.#.#..# #.#
..#.#...#..# #.#
.....#####..# #.#


There were no monsters in sight!

Vanquished Creatures
  Azrael (D:12)
  A hydra (Lair:3)
  2 two-headed ogres
  2 boulder beetles (D:11)
  6 death yaks
  A sun demon (Volcano)
  Nergalle (Lair:3)
  A skyshark (Lair:2)
  A fire crab (D:9)
  Pikel (D:6)
  A phantasmal warrior (D:11)
  A deep elf pyromancer (D:11)
  An ugly thing (D:11)
  An orc knight (D:11)
  4 cyclopes (D:11)
  3 elephants (Lair:2)
  6 black mambas
  7 cane toads
  2 kobold demonologists
  A rime drake (Lair:3)
  9 komodo dragons
  2 polar bears (Lair:1)
  2 trolls (D:12)
  10 wyverns
  3 spriggans (Bailey)
  2 shadows (D:11)
  4 wraiths
  3 vampires
  36 yaks
  2 fire elementals (D:12)
  3 basilisks
  4 steam dragons
  3 nagas (Lair:2)
  11 water moccasins
  2 acid dragons (D:11)
  7 hell hounds
  7 orc warriors
  4 sky beasts
  An ice beast (D:5)
  5 ogres
  6 black bears
  A laughing skull (D:11)
  22 wolves
  2 centaurs
  3 lemures (D:6)
  3 phantoms
  A brain worm (shapeshifter) (D:11)
  11 bullfrogs
  2 water moccasin zombies (Ossuary)
  2 wights
  7 killer bees
  3 bombardier beetles
  10 howler monkeys
  5 electric eels
  2 centaur zombies (Ossuary)
  2 bullfrog zombies (Ossuary)
  6 orc priests
  4 hounds
  3 jellies
  A gnoll bouda (D:6)
  4 iguanas
  14 orc wizards
  Natasha (thrice) (D:2)
  11 adders
  8 gnolls
  4 shadow imps
  2 white imps (D:5)
  4 ufetubi
  6 adder zombies (Ossuary)
  2 dart slugs
  2 ribbon worms (D:4)
  40 orcs
  10 bats
  5 endoplasms
  4 giant cockroaches
  5 gnoll zombies (Ossuary)
  11 goblins
  8 hobgoblins
  4 jackals (D:2)
  4 kobolds
  4 quokkas
  4 ball pythons
  7 frilled lizards
  4 goblin zombies (Ossuary)
  A kobold zombie (D:7)
  6 orc zombies (Ossuary)
  5 rats
442 creatures vanquished.

Vanquished Creatures (collateral kills)
  A lindwurm (Lair:1)
  2 spriggans (Bailey)
  A basilisk (Lair:1)
  An ogre (Bailey)
  3 killer bees (D:9)
8 creatures vanquished.

Vanquished Creatures (others)
  An electric eel (D:12)
  129 fulminant prisms
130 creatures vanquished.

Grand Total: 580 creatures vanquished

Notes
Turn   | Place    | Note
-------+----------+-------------------------------------------
     0 | D:1      | jasper the Deep Elf Conjurer began the quest for the Orb.
     0 | D:1      | Reached XP level 1. HP: 10/10 MP: 6/6
   450 | D:1      | Reached XP level 2. HP: 15/15 MP: 5/8
   505 | D:1      | Found a faded altar of an unknown god.
   509 | D:1      | Learned a level 2 spell: Searing Ray
  1065 | D:2      | Reached skill level 5 in Conjurations
  1065 | D:2      | Reached XP level 3. HP: 16/19 MP: 5/10
  1322 | D:2      | Noticed Natasha
  1327 | D:2      | Killed Natasha
  1327 | D:2      | Noticed Natasha
  1328 | D:2      | Reached XP level 4. HP: 22/24 MP: 4/12
  1438 | D:2      | Killed Natasha
  1439 | D:2      | Reached skill level 5 in Spellcasting
  1577 | D:2      | Noticed Natasha
  1580 | D:2      | Killed Natasha
  1905 | D:2      | Reached XP level 5. HP: 25/28 MP: 5/14
  2263 | D:3      | Learned a level 4 spell: Fulminant Prism
  2268 | D:3      | Learned a level 4 spell: Iskenderun's Mystic Blast
  2273 | D:3      | Learned a level 4 spell: Summon Lightning Spire
  2273 | D:3      | Found Epnefrir's Antique Armour Boutique.
  2327 | D:3      | Found Ocoyluta's Armour Shop.
  2494 | D:3      | Found Keze's Distillery.
  2503 | D:3      | Bought a potion of curing for 42 gold pieces
  2503 | D:3      | Bought a potion of lignification for 42 gold pieces
  2692 | D:3      | Found Cuakoopp's Jewellery Boutique.
  2936 | D:3      | Found Botah's Book Boutique.
  3362 | D:4      | Reached XP level 6. HP: 32/32 MP: 10/17
  4073 | D:4      | Reached XP level 7. HP: 26/36 MP: 10/19
  4079 | D:4      | Learned a level 5 spell: Freezing Cloud
  4406 | D:4      | Found a hazy altar of Hepliaklqana.
  4439 | D:4      | Found a runed translucent door.
  4440 | D:4      | Noticed Crazy Yiuf
  4528 | D:5      | Entered Level 5 of the Dungeon
  4565 | D:5      | Reached skill level 1 in Translocations
  4565 | D:5      | Reached skill level 1 in Alchemy
  4789 | D:5      | Found a burning altar of Makhleb.
  4792 | D:5      | Found an opulent altar of Gozag.
  5440 | D:6      | Reached XP level 8. HP: 41/41 MP: 16/22
  5444 | D:6      | Reached skill level 1 in Shields
  6007 | D:6      | Found a radiant altar of Vehumet.
  6050 | D:6      | Noticed Pikel
  6071 | D:6      | Became a worshipper of Vehumet
  6097 | D:6      | Killed Pikel
  6098 | D:6      | Reached skill level 5 in Shields
  6098 | D:6      | Reached XP level 9. HP: 45/45 MP: 12/23
  6774 | D:7      | Reached skill level 1 in Ice Magic
  7039 | D:7      | Found a sand-covered staircase.
  7084 | D:7      | HP: 2/45 [something (5)]
  7132 | Ossuary  | Entered an ossuary
  7427 | Ossuary  | Reached * piety under Vehumet
  7427 | Ossuary  | Offered knowledge of Freeze by Vehumet.
  7742 | Ossuary  | Reached skill level 5 in Air Magic
  7746 | Ossuary  | Learned a level 3 spell: Stone Arrow
  7911 | Ossuary  | Noticed a silent spectre
  8183 | D:3      | Bought a +6 ring of intelligence for 432 gold pieces
  8467 | D:5      | Found a glowing silver altar of Zin.
  8467 | D:5      | Found an iron altar of Okawaru.
  8587 | D:5      | Found a staircase to the Ecumenical Temple.
  9406 | D:8      | Reached skill level 5 in Ice Magic
  9627 | D:8      | Found a white marble altar of Elyvilon.
  9739 | D:8      | Reached skill level 1 in Staves
  9768 | D:8      | Reached skill level 1 in Fighting
  9847 | D:8      | Found a flagged portal.
  9867 | Bailey   | Entered a bailey
  9880 | Bailey   | Reached XP level 10. HP: 52/52 MP: 22/24
  9956 | Bailey   | Reached skill level 2 in Staves
 10058 | Bailey   | Reached skill level 3 in Staves
 10058 | Bailey   | Noticed a two-headed ogre
 10066 | Bailey   | Offered knowledge of Kiss of Death by Vehumet.
 10106 | Bailey   | Killed a two-headed ogre
 10107 | Bailey   | Reached skill level 5 in Dodging
 10949 | D:9      | Reached skill level 4 in Staves
 10950 | D:9      | Reached ** piety under Vehumet
 11126 | D:9      | Noticed a sixfirhy
 11167 | D:9      | Noticed a fire crab
 11298 | D:9      | Killed a fire crab
 11411 | D:9      | Reached skill level 5 in Staves
 11711 | D:9      | Found a staircase to the Lair.
 11890 | D:9      | Found an ornate altar of the Wu Jian Council.
 11890 | D:9      | Found a sacrificial altar of Ru.
 12129 | Lair:1   | Entered Level 1 of the Lair of Beasts
 12131 | Lair:1   | Found a dark tunnel.
 12142 | Volcano  | Entered a volcano
 12305 | Volcano  | Noticed a sun demon
 12310 | Volcano  | Killed a sun demon
 12311 | Volcano  | Reached XP level 11. HP: 61/61 MP: 16/26
 12375 | Volcano  | Learned a level 3 spell: Mephitic Cloud
 12539 | Volcano  | Noticed a sun demon
 12630 | D:10     | Entered Level 10 of the Dungeon
 12695 | D:10     | Found a blossoming altar of Fedhas.
 12708 | D:10     | Reached skill level 10 in Spellcasting
 12978 | D:10     | Learned a level 2 spell: Blink
 13015 | D:10     | Noticed a two-headed ogre
 13107 | D:10     | Identified the +4 scale mail of a bailey {Dex+2}
 13155 | D:10     | Identified the ring "Anooc" {Wiz rPois rC+ rCorr}
 13655 | D:10     | Reached skill level 7 in Staves
 13655 | D:10     | Reached XP level 12. HP: 70/70 MP: 29/29
 13721 | D:10     | Killed a two-headed ogre
 14025 | D:10     | Found a glowing golden altar of the Shining One.
 14114 | D:11     | Noticed a boulder beetle
 14116 | D:11     | Offered knowledge of Mercury Vapours by Vehumet.
 14394 | Lair:1   | Reached skill level 8 in Staves
 14394 | Lair:1   | Reached skill level 10 in Dodging
 14577 | Lair:1   | Reached *** piety under Vehumet
 14853 | Lair:1   | Identified the +1 robe of Uqeow {Str+2 Dex+5}
 14884 | Lair:1   | Found a runed translucent door.
 14885 | Lair:1   | Found a shimmering altar of Xom.
 14885 | Lair:1   | Noticed octoduck's ghost (journeyman DrSh)
 14892 | Lair:1   | You fall into a shaft and drop 1 floor!
 15049 | Lair:2   | Offered knowledge of Volatile Blastmotes by Vehumet.
 15388 | Lair:1   | Reached skill level 9 in Staves
 16141 | Lair:1   | Reached XP level 13. HP: 78/78 MP: 22/30
 16635 | Lair:2   | Reached skill level 10 in Staves
 16692 | Lair:2   | Reached **** piety under Vehumet
 16891 | Lair:2   | Found a staircase to the Snake Pit.
 17080 | Lair:2   | Offered knowledge of Frozen Ramparts by Vehumet.
 17475 | D:3      | Bought an amulet of regeneration for 360 gold pieces
 18000 | Lair:3   | Noticed Nergalle
 18090 | Lair:3   | Noticed Rupert
 18095 | Lair:3   | Paralysed by Rupert for 5 turns
 18331 | Lair:3   | Killed Nergalle
 18660 | Lair:3   | Reached skill level 11 in Staves
 18676 | Lair:3   | Reached ***** piety under Vehumet
 18685 | Lair:3   | Offered knowledge of Starburst by Vehumet.
 18736 | Lair:3   | Learned a level 6 spell: Starburst
 19064 | Lair:4   | Identified the +4 ring mail "Pyohicla" {Rampage rElec
                  | rCorr}
 19421 | Lair:4   | Reached skill level 10 in Fighting
 19511 | Lair:4   | Reached skill level 12 in Staves
 19525 | Lair:3   | Reached skill level 1 in Fire Magic
 20856 | D:11     | Identified the +2 robe of Tekoophim {+Blink rElec rPois
                  | rF-}
 20880 | D:11     | Found a staircase to the Orcish Mines.
 21244 | D:11     | Reached XP level 14. HP: 88/88 MP: 8/31
 22355 | D:11     | Reached skill level 5 in Fire Magic
 22724 | D:12     | Reached skill level 10 in Conjurations
 22898 | D:12     | Noticed Azrael
 22905 | D:12     | Killed Azrael
 23106 | D:12     | Quit the game

Illustrated notes

Levels and vault maps discovered:
D:1:      mainiacjoe_arrival_reflecting_pool, layout_loops_ring,
          shapermc_ecumenical_altar_gd
D:2:      layout_loops_ring, minivault_4, st_stairs_7, uniq_natasha
D:3:      layout_basic, serial_shops, shop, nicolae_square_shop,
          nicolae_square_shop, shop, nicolae_shop_rolling_square
D:4:      layout_basic, worldfamousw_hep_ancestral_shrine,
          uniq_crazy_yiuf_cottage
D:5:      layout_basic, gammafunk_temple_overflow_pools,
          grunt_temple_overflow_open, minmay_temple_entry_nine_rooms
D:6:      layout_gridville, nicolae_vehumet_altar_sigil, serial_bayou_lagoon_a,
          minmay_alternating_orb, uniq_pikel
D:7:      layout_basic, enter_ossuary_3
D:8:      layout_loops_ring, nicolae_elyvilon_temple_path, enter_bailey_5
D:9:      layout_rooms, nicolae_overflow_two_pavilions, minmay_lair_entry_lava,
          grunt_ministairs_13
D:10:     layout_loops_ring, general_overflow_altar,
          mainiacjoe_overflow_alcove_2
D:11:     wad_statue_garden, layout_basic, david_orc_4,
          serial_library_hellmonk_octagon
D:12:     layout_basic, mrwooster_statue_mirror, hangedman_decor_peaks_small,
          uniq_azrael
Lair:1:   wad_woods_structure_01, layout_long_grid, enter_volcano_2,
          ebering_ghost_xom, beast_lair_carwin_4, serial_bayou_shore_b
Lair:2:   layout_roguey, minmay_snake_entry_guardpost_small, serial_bayou,
          serial_bayou_lake_a, serial_bayou_crossing, serial_bayou_pond_e,
          serial_bayou_lagoon_b, lemuel_fruit_tree
Lair:3:   layout_regular_city, mainiacjoe_swamp_entry_angry_trees,
          chequers_serial_rivers_room_a, grunt_megastairs_4, uniq_rupert,
          uniq_nergalle
Lair:4:   layout_regular_city, minivault_25, grunt_megastairs_3,
          infiniplex_staircase_pool_2

Skill      XL: |  1  2  3  4  5  6  7  8  9 10 11 12 13 14 |
---------------+-------------------------------------------+-----
Spellcasting   | 4 5 6 7 8 9 11 | 11.0
Conjurations   | 5 6 7 8 9 10 | 10.2
Translocations | 3 |  3.0
Alchemy        | 3 |  3.0
Shields        | 5 |  5.0
Summonings     | 2 3 |  3.0
Air Magic      | 2 6 |  6.0
Ice Magic      | 5 |  5.0
Staves         | 1 5 7 9 12 | 12.0
Fighting       | 1 4 6 8 10 | 10.0
Dodging        | 3 6 9 10 | 10.0
Fire Magic     | 4 5 |  5.9
Stealth        | |  2.4

Action                     |  1- 3 |  4- 6 |  7- 9 | 10-12 | 13-15 || total
---------------------------+-------+-------+-------+-------+-------++-------
  Melee: Staff             |       |       |    22 |     2 |    15 ||    39
  Throw: Boomerang         |       |       |     1 |       |       ||     1
   Cast: Magic Dart        |    46 |   102 |   183 |    27 |    26 ||   384
         Searing Ray       |     3 |    17 |    46 |     5 |       ||    71
         Fulminant Prism   |       |       |     7 |    74 |    48 ||   129
         Iskenderun's Myst |       |       |     9 |    32 |    40 ||    81
         Stone Arrow       |       |       |     5 |    18 |     9 ||    32
         Freezing Cloud    |       |       |       |    22 |    98 ||   120
         Summon Lightning  |       |       |       |     9 |     1 ||    10
         Starburst         |       |       |       |       |    18 ||    18
         Mephitic Cloud    |       |       |       |       |     1 ||     1
  Evoke: Wand              |       |       |     2 |     3 |     2 ||     7
    Use: Scroll            |       |       |    20 |     8 |     2 ||    30
         Potion            |       |       |     2 |     2 |     1 ||     5
   Stab: Sleeping          |       |       |     1 |       |       ||     1
 Armour: Robe              |     4 |    18 |    98 |    39 |    42 ||   201
  Dodge: Dodged            |     6 |    11 |    67 |    19 |    19 ||   122
  Block: Buckler           |       |     5 |    39 |     7 |    18 ||    69

Table legend: (Time is in decaauts)
 A = Elapsed time spent in this place.
 B = Non-inter-level travel time spent in this place.
 C = Inter-level travel time spent in this place.
 D = Time resting spent in this place.
 E = Time spent auto-exploring this place.
 F = Levels seen in this place.
 G = Mean time per level.
                   A        B        C        D        E       F      G
               +--------+--------+--------+--------+--------+-----+--------+
         Total |  23211 |  21469 |   1742 |   3785 |  14800 |  19 | 1221.6 |
       Dungeon |  15518 |  14078 |   1440 |   1960 |  10383 |  12 | 1293.2 |
          Lair |   5980 |   5678 |    302 |   1496 |   3399 |   4 | 1495.0 |
       Ossuary |    820 |    820 |      0 |     64 |    579 |   1 |  820.0 |
        Bailey |    485 |    485 |      0 |     34 |    333 |   1 |  485.0 |
       Volcano |    407 |    407 |      0 |    231 |    105 |   1 |  407.0 |
               +--------+--------+--------+--------+--------+-----+--------+

Top non-repeatable levels by time:
    D:11: 2261 daAuts
  Lair:1: 2046 daAuts
  Lair:2: 1921 daAuts
     D:5: 1762 daAuts
    D:10: 1578 daAuts
     D:3: 1372 daAuts
     D:9: 1298 daAuts
     D:4: 1284 daAuts
  Lair:4: 1246 daAuts
     D:7: 1225 daAuts
     D:8: 1204 daAuts
     D:2: 1197 daAuts
     D:6: 1151 daAuts
     D:1: 897 daAuts
 Ossuary: 820 daAuts
